 Dungeon Crawl Stone Soup version 0.23-a0-582-g1b4a0ca (webtiles) character file.

3887 zishaf the Nimble (level 10, -9/50 HPs)
             Began as a Deep Elf Fire Elementalist on Dec 16, 2018.
             Was a Priest of Cheibriados.
             Mangled by a two-headed ogre
             ... wielding a +0 giant spiked club
              (27 damage)
             ... on level 8 of the Dungeon on Dec 17, 2018.
             The game lasted 00:25:48 (9384 turns).

zishaf the Nimble (Deep Elf Fire Elementalist)      Turns: 9384, Time: 00:25:49

Health: -9/50      AC:  5    Str: 13    XL:     10   Next: 0%
Magic:  3/24       EV: 25    Int: 32    God:    Cheibriados [***...]
Gold:   443        SH:  5    Dex: 23    Spells: 15/26 levels left

rFire    + . .     SeeInvis .   E - +3 short sword
rCold    + . .     Gourm    .   G - +0 buckler
rNeg     . . .     Faith    .   x - +2 robe {rC+ rF+}
rPois    .         Spirit   .   (no helmet)
rElec    .         Reflect  .   (no cloak)
rCorr    .         Harm     .   y - +0 pair of gloves
MR       +....                  (no boots)
Stlth    ++++......             (no amulet)
HPRegen  0.16/turn              i - +5 ring of evasion
MPRegen  0.19/turn              d - ring of stealth

@: about to teleport, very slow
A: no striking features
a: Bend Time, Temporal Distortion, Renounce Religion


You were on level 8 of the Dungeon.
You worshipped Cheibriados.
Cheibriados was most pleased with you.
You were near starving.

You visited 1 branch of the dungeon, and saw 8 of its levels.
You also visited: Sewer.

You collected 443 gold pieces.

Inventory:

Hand Weapons
 E - a +3 short sword (weapon)
Armour
 x - a +2 robe of resistance (worn)
 y - a +0 pair of gloves (worn)
 G - a +0 buckler (worn)
Magical Staves
 z - an uncursed staff of summoning
Jewellery
 d - a ring of stealth (right hand)
 i - a +5 ring of evasion (left hand)
 r - an uncursed ring of positive energy
Wands
 n - a wand of acid (6)
 C - a wand of flame (4)
Scrolls
 a - 2 scrolls of magic mapping {unknown}
 b - a scroll of blinking {unknown}
 g - a scroll of enchant weapon {unknown}
 j - 2 scrolls of enchant armour
 l - 4 scrolls of remove curse
 m - 2 scrolls of immolation {unknown}
 o - 3 scrolls of teleportation
 t - 3 scrolls of fear {unknown}
 w - 3 scrolls of amnesia {unknown}
Potions
 e - 5 potions of brilliance
 h - 2 potions of agility
 k - 3 potions of haste {unknown}
 p - 4 potions of curing
 q - a potion of lignification
 s - 2 potions of might {unknown}
 u - 2 potions of flight {unknown}
 v - 2 potions of magic {unknown}
 A - a potion of heal wounds {unknown}
 F - a potion of ambrosia
Comestibles
 c - 17 rations


   Skills:
 + Level 8.9 Dodging
 - Level 3.0 Stealth
 * Level 0.7 Shields
 + Level 8.8 Spellcasting
 + Level 6.0 Conjurations
 - Level 7.0 Fire Magic
 + Level 7.6 Invocations


You had 15 spell levels left.
You knew the following spells:

 Your Spells              Type           Power        Failure   Level  Hunger
a - Flame Tongue          Conj/Fire      #####        1%          1    None
b - Throw Flame           Conj/Fire      ######       1%          2    None
c - Conjure Flame         Conj/Fire      ######..     1%          3    None
d - Fireball              Conj/Fire      ######....   10%         5    ###....

Your spell library contained the following spells:

 Spells                   Type           Power        Failure   Level  Hunger
 Inner Flame              Hex/Fire       #####...     3%          3    None
 Sticky Flame             Conj/Fire      ######..     3%          4    None


Dungeon Overview and Level Annotations

Branches:
Dungeon (8/15)             Temple (0/1) D:4
   Lair: D:8-11

Altars:
Ashenzari
Cheibriados
Kikubaaqudgha
Makhleb
Okawaru
Qazlal
Ru
Trog
Uskayaw
Wu Jian
Xom
Yredelemnul
The Shining One

Annotations:
D:7 2 transporters, zishaf's ghost, novice TeTm
D:8 Prince Ribbit


Message History

The two-headed ogre is moderately wounded.
You block the two-headed ogre's attack. x2
Casting: Flame Tongue (safe; 1% risk of failure)
Confirm with . or Enter, or press ? or * to list all spells.
Aiming: Flame Tongue (safe; 1% risk of failure)
Press: ? - help, Shift-Dir - straight line, f/p - two-headed ogre
Aim: a two-headed ogre, wielding two +0 giant spiked clubs (moderately wounded)
The flame tongue hits the two-headed ogre.
The two-headed ogre appears unharmed.
The two-headed ogre is moderately wounded.
The two-headed ogre completely misses you.
The two-headed ogre hits you with a +0 giant spiked club!!
Ouch! That really hurt!
Okay, then.
Okay, then.
As you read the scroll labeled RYRADO IXAESU, it crumbles to dust.
You feel strangely unstable.
It was a scroll of teleportation.
The two-headed ogre hits you with a +0 giant spiked club!!
Ouch! That really hurt!
You die...

...[.............#
#.#
###)##########.###
#.#### #.# #.####
#....## #.#
#....#######.#...#
#.#
#...≈............#
###.#
###......§§...≈..#
....#
#..≈≈≈§§§.≈≈...#
#####
#...≈§§≈≈≈§≈...#
#@..≈§§≈≈§§§...#
#O...≈≈_.≈≈≈≈..#
#....≈≈⌠>≈≈§≈..#
#....§≈≈≈≈≈.≈.##
####...≈≈§≈≈
#.......§§§.
#.##.......§ ####
#.##.≈......
###...#
#...........


You could see a two-headed ogre.

Vanquished Creatures
  A two-headed ogre (D:8)
  Sigmund (D:4)
  A sky beast (D:5)
  2 orc warriors
  2 phantoms
  3 ogres
  3 centaurs
  3 big kobolds
  A wyvern zombie (D:6)
  3 bullfrogs
  3 scorpions
  A water moccasin skeleton (D:4)
  4 killer bees (D:8)
  A howler monkey (D:5)
  4 crimson imps
  An electric eel (D:6)
  A quasit (D:5)
  3 hounds (D:7)
  3 jellies
  3 orc priests
  A centaur skeleton (D:6)
  3 iguanas
  6 orc wizards
  4 worker ants
  Terence (D:3)
  4 gnolls (D:5)
  A howler monkey skeleton (D:5)
  16 adders
  A river rat (Sewer)
  2 shadow imps
  4 oozes
  An adder zombie (D:6)
  An adder skeleton (D:3)
  6 worms
  2 dart slugs
  5 leopard geckos
  31 orcs
  9 ball pythons
  12 bats
  4 giant cockroaches
  4 goblins
  5 hobgoblins
  9 jackals
  7 quokkas
  4 frilled lizards
  11 kobolds
  A leopard gecko skeleton (D:4)
  10 rats
209 creatures vanquished.

Notes
Turn   | Place    | Note
-------+----------+-------------------------------------------
     0 | D:1      | zishaf the Deep Elf Fire Elementalist began the quest for
                  | the Orb.
     0 | D:1      | Reached XP level 1. HP: 10/10 MP: 6/6
   241 | D:1      | Reached XP level 2. HP: 15/15 MP: 6/8
   249 | D:1      | Learned a level 2 spell: Throw Flame
   516 | D:2      | Reached XP level 3. HP: 19/19 MP: 4/9
   571 | D:2      | Found an ancient bone altar of Kikubaaqudgha.
   571 | D:2      | Found a glowing golden altar of the Shining One.
   571 | D:2      | Found a snail-covered altar of Cheibriados.
   571 | D:2      | Found a basalt altar of Yredelemnul.
   632 | D:2      | Became a worshipper of Cheibriados the Contemplative
   726 | D:2      | Reached XP level 4. HP: 24/24 MP: 1/10
   803 | D:2      | Learned a level 3 spell: Conjure Flame
  1123 | D:2      | Reached * piety under Cheibriados
  1128 | D:2      | Found a sacrificial altar of Ru.
  1637 | D:3      | Found an ornate altar of the Wu Jian Council.
  1645 | D:3      | Reached XP level 5. HP: 28/28 MP: 8/11
  1775 | D:3      | Reached ** piety under Cheibriados
  1789 | D:3      | Found an iron altar of Okawaru.
  1791 | D:3      | Noticed Terence
  1798 | D:3      | Killed Terence
  2302 | D:3      | Found a burning altar of Makhleb.
  2302 | D:3      | Found a hide-covered altar of Uskayaw.
  2302 | D:3      | Found an iron altar of Okawaru.
  2324 | D:3      | Found a bloodstained altar of Trog.
  2324 | D:3      | Found a shimmering altar of Xom.
  2617 | D:4      | Found a glowing drain.
  2811 | Sewer    | Entered a sewer
  2892 | Sewer    | Reached skill level 1 in Invocations
  2921 | Sewer    | Reached skill level 5 in Fire Magic
  2960 | Sewer    | Reached *** piety under Cheibriados
  2994 | Sewer    | Reached XP level 6. HP: 32/32 MP: 6/13
  3315 | D:4      | Learned a level 5 spell: Fireball
  3351 | D:4      | Noticed Sigmund
  3368 | D:4      | Killed Sigmund
  3368 | D:4      | Reached XP level 7. HP: 32/36 MP: 0/15
  3465 | D:4      | Reached skill level 5 in Conjurations
  3636 | D:4      | Found a staircase to the Ecumenical Temple.
  3929 | D:5      | Entered Level 5 of the Dungeon
  4051 | D:5      | Reached **** piety under Cheibriados
  4266 | D:5      | Reached XP level 8. HP: 25/41 MP: 14/17
  4919 | D:5      | Reached skill level 5 in Dodging
  4919 | D:5      | Reached skill level 5 in Spellcasting
  5844 | D:6      | Reached ***** piety under Cheibriados
  6598 | D:6      | Reached skill level 5 in Invocations
  6742 | D:6      | Upgraded the game from 0.23-a0-577-g2b1de94 to
                  | 0.23-a0-582-g1b4a0ca
  6830 | D:7      | Found a shattered altar of Ashenzari.
  7068 | D:7      | Reached XP level 9. HP: 45/45 MP: 12/21
  7137 | D:7      | Found a transporter.
  7204 | D:7      | Noticed zishaf's ghost (novice TeTm)
  7233 | D:7      | Found a transporter.
  8303 | D:8      | Noticed a two-headed ogre
  8337 | D:8      | Killed a two-headed ogre
  9057 | D:8      | Reached XP level 10. HP: 50/50 MP: 15/24
  9247 | D:8      | Found a stormy altar of Qazlal.
  9249 | D:8      | Noticed Prince Ribbit
  9259 | D:8      | Noticed a two-headed ogre
  9384 | D:8      | Mangled by a two-headed ogre

Vault maps used:
D:1:      nicolae_arrival_memento_mori, minmay_split_cup_small
D:2:      overflow_temple_1_default, chequers_temple_overflow_statue_of_worship,
          st_stairs_11, minmay_tripent
D:3:      old_standard_altar, minmay_overflow_temple_star_hex, first_ration,
          okawaru_metal_pillars_3, uniq_terence
D:4:      temple_green, cheibrodos_sewer_entry_sluice, minmay_stone_trees_small,
          uniq_sigmund
D:5:      chequers_jeans
D:6:      minmay_hedge_maze, minmay_misc_feat_encased, kennysheep_flooded_box
D:7:      old_standard_altar, gammafunk_ghost_stat_death
D:8:      nicolae_qazlal_general_emergency, blue_anna_alchemist,
          uniq_prince_ribbit1
Sewer:    sewer_co_15_rooms

Skill      XL: |  1  2  3  4  5  6  7  8  9 |
---------------+----------------------------+-----
Stealth        | 3 |  3.0
Conjurations   | 2 3 4 5 6 |  6.0
Fire Magic     | 4 5 6 7 |  7.0
Dodging        | 3 4 6 8 |  8.9
Invocations    | 1 2 3 5 7 |  7.6
Spellcasting   | 4 6 8 |  8.8
Shields        | |  0.7

Action                   |  1- 3 |  4- 6 |  7- 9 | 10-12 || total
-------------------------+-------+-------+-------+-------++-------
Melee: Unarmed           |       |     4 |       |       ||     4
       Quarterstaff      |       |       |    14 |       ||    14
       Staff             |       |       |   250 |       ||   250
       Short sword       |       |       |    17 |       ||    17
 Cast: Flame Tongue      |    36 |   146 |   298 |     6 ||   486
       Throw Flame       |     3 |    13 |     8 |     2 ||    26
       Conjure Flame     |       |     1 |    11 |       ||    12
Invok: Slouch            |       |       |     1 |     1 ||     2
       Step From Time    |       |       |       |     2 ||     2
       Bend Time         |       |       |       |     2 ||     2
  Use: Scroll            |       |       |     9 |     1 ||    10
 Stab: Sleeping          |       |       |     3 |       ||     3
  Eat: Chunk             |       |     4 |     5 |       ||     9
       Ration            |       |       |     1 |       ||     1
Armor: Robe              |     1 |     7 |    51 |       ||    59
Dodge: Dodged            |    20 |    78 |   471 |     3 ||   572
Block: Buckler           |       |       |     2 |     2 ||     4

Table legend:
 A = Non-vault XP
 B = Vault XP
 C = Vault XP percentage of total XP
 D = Non-vault monster count
 E = Vault monster count
 F = Vault count percentage of total count
                 A         B        C        D         E       F
            +---------+---------+-------+---------+---------+-------
      Total |    4890 |     664 |  12.0 |     177 |      32 |  15.3
            +---------+---------+-------+---------+---------+-------
        D:1 |      14 |       5 |  26.3 |       9 |       3 |  25.0
        D:2 |      97 |      23 |  19.2 |      20 |       6 |  23.1
        D:3 |     121 |      32 |  20.9 |      37 |       1 |   2.6
        D:4 |     383 |     241 |  38.6 |      13 |       3 |  18.8
        D:5 |     662 |       0 |   0.0 |      30 |       0 |   0.0
        D:6 |     736 |       0 |   0.0 |      22 |       0 |   0.0
        D:7 |     626 |       0 |   0.0 |      13 |       0 |   0.0
        D:8 |    2251 |     100 |   4.3 |      33 |       1 |   2.9
      Sewer |       0 |     263 | 100.0 |       0 |      18 | 100.0
            +---------+---------+-------+---------+---------+-------
